Cogmind - Beta 15 @@@ ROGUE MODE // 2025.07.14 @ 12:36:24 Player: vilepis Result: Destroyed by S-27 Virus with Autogun Performance ------------- Evolutions (3) 1500 Regions Visited (4) 800 Robots Destroyed (81) 405 Value Destroyed (3060) 3060 Prototype IDs (1) 20 Alien Tech Used (0) 0 Bonus (0) 0 TOTAL SCORE: 5785 Bonus ------- None Cogmind --------- Core Integrity 0/700 Matter 300/300 Energy 100/100 System Corruption 5% Temperature Cool (0) Movement Walking (120) Location -7/Factory Parts ------- > --- POWER (1) -------- (None) > --- PROPULSION (2) --- Aluminum Leg > --- UTILITY (7) ------ Targeting Computer > --- WEAPON (3) ------- Gatling Laser > --- INVENTORY (5) ---- Dynamic Insulation System System Restoration Module Plasma Cannon Peak State ------------ > --- POWER ------------ Reinforced Deuterium Engine > --- PROPULSION ------- Medium Treads Medium Treads > --- UTILITY ---------- Improved Heat Sink Targeting Computer Targeting Computer Kinecellerator Weapon Cycler Shield Generator Dynamic Insulation System > --- WEAPON ----------- Heavy Ion Cannon Heavy Ion Cannon Gauss Rifle > --- INVENTORY -------- Improved Heat Sink Plasma Cannon High-powered Shotgun Datajack Mining Laser [Rating: 44] Favorites ----------- Power Ion Engine Engine Ion Engine Power Core Light Nuclear Core Propulsion Aluminum Leg Treads Medium Treads Leg Aluminum Leg Wheel Compact Wheel Hover Unit Gravmag System Utility Core Shielding Device Shield Generator Storage Medium Storage Unit Processor Targeting Computer Protection Core Shielding Weapon Improved Light Cannon Energy Gun Beam Rifle Energy Cannon Heavy Ion Cannon Ballistic Gun Assault Rifle Ballistic Cannon Improved Light Cannon Launcher Grenade Launcher Special Weapon Mining Laser Build | -11 -10 -9 -8 -7 ------- Run | Yrd Mat Mat Mat Fac Slots Evolved 6 | . . 2 2 2 Power . | . . . . . Propulsion . | . . . . . Utility 5 | . . 2 1 2 Weapon 1 | . . . 1 . Parts Attached 69 | 6 11 20 18 14 Power 9 | 1 1 4 2 1 Engine 7 | 1 1 3 2 . Core 2 | . . 1 . 1 Reactor . | . . . . . Propulsion 16 | 2 1 6 5 2 Treads 4 | . . . 4 . Leg 9 | . 1 6 1 1 Wheel 2 | 2 . . . . Hover 1 | . . . . 1 Flight . | . . . . . Utility 21 | 1 4 4 7 5 Device 11 | . 1 3 5 2 Storage 2 | 1 1 . . . Processor 2 | . . . . 2 Hackware . | . . . . . Protection 6 | . 2 1 2 1 Artifact . | . . . . . Weapon 23 | 2 5 6 4 6 Energy Gun 6 | . 1 2 . 3 Energy Cannon 4 | . . . 2 2 Ballistic Gun 8 | 2 3 1 2 . Ballistic Cannon 3 | . . 3 . . Launcher 1 | . 1 . . . Special Weapon 1 | . . . . 1 Impact Weapon . | . . . . . Slashing Weapon . | . . . . . Piercing Weapon . | . . . . . Special Melee Weapon . | . . . . . Unidentified Prototypes 1 | . . . . 1 Parts Lost 33 | . 5 5 7 16 Power 4 | . 1 1 . 2 Propulsion 6 | . 2 1 . 3 Utility 11 | . . 1 4 6 Weapon 12 | . 2 2 3 5 Highest Loss Streak 12 | . 2 2 4 12 To Critical Strikes . | . . . . . Average Backups 3 | . . 3 4 4 Power . | . . . . . Propulsion . | . . . . . Utility . | . . . . 1 Weapon 1 | . . 2 1 2 Tool/Special . | . . . . . Unused Backups 3 | . . . 1 2 Power 1 | . . . 1 . Propulsion . | . . . . . Utility 1 | . . . . 1 Weapon 1 | . . . . 1 Tool/Special . | . . . . . Average Slot Usage (%) 87 | . 87 91 94 76 Engine 9 | . 13 10 9 4 Treads 5 | . . . 10 10 Leg 8 | . 3 21 7 . Wheel 3 | . 16 . . . Device 17 | . 7 15 20 24 Storage 1 | . 10 . . . Processor 3 | . . . . 11 Protection 13 | . 8 22 20 2 Energy Gun 3 | . . 2 7 1 Energy Cannon 3 | . . . 1 10 Ballistic Gun 9 | . 27 4 7 4 Ballistic Cannon 6 | . . 14 9 . Peak Build Rating 44 | 6 8 16 40 44 Average Rating 19 | 4 6 12 26 32 On Entrance 13 | . 6 6 14 40 Naked Turns . | . . . . . Heaviest Build 47 | 14 27 19 41 47 Greatest Support 56 | 26 26 20 56 56 Greatest Overweight (x) 5 | . 3 1 1 5 Average Overweight (x) . | . . . . . Largest Inventory Capacity 10 | 8 10 5 5 5 Average Capacity 5 | 6 8 5 5 5 Most Carried 5 | . 2 5 5 5 Average Carried 3 | . . 3 4 4 Final Capacity 8 | 8 5 5 5 5 Final Carried 5 | . 1 5 3 3 Class Distribution -------------------- 50% | Mutant 21% | Scavenger-Gunner 14% | Tank 9% | Scavenger-Mutant 3% | Scavenger-Tank Dominant Class ---------------- Mutant | -10/Materials Mutant | -9/Materials Tank | -8/Materials Scavenger-Gunner | -7/Factory Resources | -11 -10 -9 -8 -7 ----------- Run | Yrd Mat Mat Mat Fac Matter Collected 2118 | 212 415 721 459 311 Remotely . | . . . . . Salvage Created 3098 | . 491 984 747 876 Parts 174 | . 32 60 33 49 Haulers Intercepted 2 | . . 1 . 1 Recyclers Shooed 1 | . . . . 1 Parts Field Recycled . | . . . . . Retrieved Matter . | . . . . . Parts Self-Destructed . | . . . . . Prevented . | . . . . . Kills | -11 -10 -9 -8 -7 ------- Run | Yrd Mat Mat Mat Fac Combat Hostiles Destroyed 74 | . 14 27 16 17 Guns 35 | . 11 8 10 6 Cannons 34 | . . 19 6 9 AOE 5 | . 3 . . 2 Classes Destroyed 12 | . 3 4 2 3 Builder 1 | . . . . 1 Hauler 2 | . . 1 . 1 Recycler 2 | . . . . 2 Operator 1 | . 1 . . . Watcher 1 | . . 1 . . Swarmer 8 | . 3 3 . 2 Grunt 46 | . 11 16 9 10 Brawler 2 | . . 1 1 . Sentry 12 | . . 7 4 1 Hunter 1 | . . . 1 . Programmer 4 | . . . . 4 Heavy 1 | . . . 1 . Best Kill Streak 6 | . 3 3 4 6 Combat Bots Only 5 | . 3 3 4 5 Max Kills in Single Turn 5 | . 2 2 1 5 Gunslinging . | . . . . . Exploded 2 | . 2 . . 2 Melee . | . . . . . Uniques/NPCs Destroyed . | . . . . . Combat | -11 -10 -9 -8 -7 -------- Run | Yrd Mat Mat Mat Fac Hostile Shots Fired 486 | . 83 122 75 206 Missed 125 | . 20 32 19 54 Hits 361 | . 63 90 56 152 Melee 3 | . . 2 1 . Projectile 358 | . 63 88 55 152 Critical Strikes 11 | . . 1 5 5 Actively Blocked 1 | . . . 1 . Damage Taken 5115 | . 679 914 1326 2196 Core 1234 | . 144 150 240 700 Absorbed by Shields 453 | . . 201 82 170 Redirected to Shielding 138 | . 7 28 103 . Core Remaining (%) 65 | 100 42 62 56 . Volleys Fired 245 | . 50 89 47 59 Largest 3 | . 2 2 3 3 Hottest 195 | . 40 86 122 195 Shots Fired 479 | . 96 153 112 118 Gun 259 | . 93 49 80 37 Cannon 216 | . . 104 32 80 Launcher 3 | . 3 . . . Special 1 | . . . . 1 Kinetic 339 | . 93 147 69 30 Thermal 132 | . . 6 43 83 Explosive 3 | . 3 . . . Electromagnetic 5 | . . . . 5 Robot Hit Streak 17 | . 6 14 8 17 Robot Miss Streak 6 | . 3 6 3 4 Penetration Max 1 | . . . 1 . Secondary Targets 3 | . . 1 2 . Max Gunslinging Chain 1 | . . 1 1 . Shots Hit Robots 296 | . 53 98 73 72 Core Hits 137 | . 30 41 31 35 Critical Kills 1 | . . . 1 . Critical Parts Destroyed 2 | . 2 . . . Critical Strikes 6 | . 2 1 3 . Burn 2 | . . . 2 . Destroy 3 | . 2 . 1 . Blast 1 | . . 1 . . Melee Attacks . | . . . . . Impact . | . . . . . Slashing . | . . . . . Piercing . | . . . . . Sneak Attacks . | . . . . . Combat Hostiles . | . . . . . Follow-up Attacks . | . . . . . Damage Inflicted 6447 | . 778 1795 1389 2485 Guns 2454 | . 671 332 1001 450 Cannons 3330 | . . 1463 388 1479 Explosions 662 | . 107 . . 555 Melee . | . . . . . Ramming 1 | . . . . 1 Kinetic 3676 | . 671 1734 936 335 Thermal 2058 | . . 61 453 1544 Explosive 662 | . 107 . . 555 Electromagnetic 50 | . . . . 50 Impact . | . . . . . Slashing . | . . . . . Piercing . | . . . . . Highest Corruption 5 | . 4 . . 5 Average Corruption 4 | . 2 . . 4 Corruption Purged . | . . . . . Corruption Blocked . | . . . . . Effects 10 | . 1 . . 9 Message Errors 1 | . . . . 1 Matter Fused 4 | . 1 . . 3 Heat Flow Errors 1 | . . . . 1 Data Loss (minor) 2 | . . . . 2 Alerts 1 | . . . . 1 Weapon Failures 1 | . . . . 1 Overload Shots . | . . . . . Overflow Damage 62 | . . . . 62 Projectiles 13 | . . . . 13 Explosions 49 | . . . . 49 Melee . | . . . . . Knockbacks 11 | . . 10 1 . Impact . | . . . . . Kinetic 11 | . . 10 1 . Secondary . | . . . . . Self-Inflicted Damage 5 | . 5 . . . Shots 1 | . 1 . . . Rammed . | . . . . . Targets Rammed 2 | . . . . 2 Kicked 2 | . . . . 2 Crushed . | . . . . . Highest Temperature 624 | . 25 16 440 624 Average Temperature 146 | . 7 7 167 179 Received Heat Transfer 1108 | . 285 259 336 228 Effects 11 | . . . 5 6 Shutdowns 3 | . . . 1 2 Energy Bleed 3 | . . . 2 1 Interference 3 | . . . 2 1 Damage (minor) 1 | . . . . 1 Damage (core) 1 | . . . . 1 Siege Activations . | . . . . . Martial Activations . | . . . . . Shielding Activations . | . . . . . Robots Disrupted . | . . . . . Combat Hostiles . | . . . . . Robots Corrupted . | . . . . . Combat Hostiles . | . . . . . Parts Fried . | . . . . . Impact Corruptions . | . . . . . Robots Melted . | . . . . . Combat Hostiles . | . . . . . Parts Melted 4 | . . . 4 . Heat Transferred 3517 | . . 148 1295 2074 Parts Sabotaged . | . . . . . Parts Stolen . | . . . . . Parts Stripped . | . . . . . Power Chain Reactions . | . . . . . Alert | -11 -10 -9 -8 -7 ------- Run | Yrd Mat Mat Mat Fac Maximum Alert Level 1 | . . 1 . 1 Low Security (%) 99 | 100 100 98 100 98 Level 1 . | . . 1 . 1 Level 2 . | . . . . . Level 3 . | . . . . . Level 4 . | . . . . . Level 5 . | . . . . . High Security . | . . . . . Max Security . | . . . . . Peak Influence 202 | . 108 202 119 200 Initial 65 | . . 27 65 30 Average 71 | . 45 97 61 73 Influence Increases 2130 | . 367 786 430 547 Destroy 0b10 Robot/C 1480 | . 280 540 320 340 Destroy 0b10 Robot/NC 35 | . 5 10 . 20 Destroy Leader 366 | . 70 144 90 62 Successful Hack 39 | . . 39 . . Disable Machine 60 | . . 15 15 30 Destroy Structure 45 | . 12 8 5 20 Lose Combat Pursuer 105 | . . 30 . 75 Influence Decreases 2130 | . 302 695 517 616 Entered New Map 168 | . . 38 91 39 Time Decay 1536 | . 256 457 396 427 Lost Part 250 | . 20 50 30 150 Purge Threat 176 | . 26 150 . . Squads Dispatched 18 | . 5 2 2 9 Investigation 4 | . 1 1 . 2 Extermination 1 | . . . . 1 Reinforcement 10 | . 4 1 2 3 Assault . | . . . . . Garrison 3 | . . . . 3 Intercept . | . . . . . Searches Triggered . | . . . . . Construction Impeded 2 | . . . 1 1 Haulers Reinforced . | . . . . . Active Scanning Responses . | . . . . . Cargo Convoy Interrupts 1 | . . . . 1 Stealth | -11 -10 -9 -8 -7 --------- Run | Yrd Mat Mat Mat Fac Distress Signals 9 | . 2 4 1 2 Communications Jammed . | . . . . . Distress Signals . | . . . . . Times Spotted 112 | . 23 36 19 34 Peak Tracking Total 7 | . 4 5 4 7 Tactical Retreats 6 | . . 2 . 4 Traps | -11 -10 -9 -8 -7 ------- Run | Yrd Mat Mat Mat Fac Traps Triggered 4 | . 4 . . . Indirectly . | . . . . . Trap Hack Attempts . | . . . . . Triggered . | . . . . . Disarmed . | . . . . . Reprogrammed . | . . . . . Reused . | . . . . . Traps Extracted . | . . . . . Installed . | . . . . . Triggered . | . . . . . Machines | -11 -10 -9 -8 -7 ---------- Run | Yrd Mat Mat Mat Fac Machines Disabled 4 | . . 1 1 2 Max in Single Turn 2 | . . 1 1 2 Machines Repaired . | . . . . . Machines Dismantled . | . . . . . Machines Sabotaged . | . . . . . Overloaded Fab Kills . | . . . . . Hacking | -11 -10 -9 -8 -7 --------- Run | Yrd Mat Mat Mat Fac Machines Accessed 14 | . 3 9 . 2 Terminals 13 | . 3 9 . 1 Fabricators . | . . . . . Repair Stations . | . . . . . Recycling Units . | . . . . . Scanalyzers . | . . . . . Garrison Access 1 | . . . . 1 Total Hacks 30 | . 5 19 . 6 Successful 9 | . 2 7 . . Failed 19 | . 2 11 . 6 Catastrophic 1 | . . 1 . . Database Lockouts 2 | . 1 1 . . Manual 21 | . 7 14 . . Terminals 27 | . 5 19 . 3 Fabricators . | . . . . . Repair Stations . | . . . . . Recycling Units . | . . . . . Scanalyzers . | . . . . . Garrison Access 3 | . . . . 3 Terminal Hacks 9 | . 2 7 . . Record 3 | . . 3 . . Robot Analysis 4 | . 1 3 . . Unreport Threat 2 | . 1 1 . . Fabricator Hacks . | . . . . . Repair Station Hacks . | . . . . . Recycling Unit Hacks . | . . . . . Scanalyzer . | . . . . . Garrison Access Hacks . | . . . . . Unauthorized Hacks . | . . . . . Terminals . | . . . . . Fabricators . | . . . . . Repair Stations . | . . . . . Recycling Units . | . . . . . Scanalyzers . | . . . . . Garrison Access . | . . . . . Data Cores Recovered . | . . . . . Used . | . . . . . Hacking Detections 11 | . 3 6 . 2 Full Trace Events 8 | . 2 4 . 2 Feedback Events . | . . . . . Feedback Blocked . | . . . . . Robot Schematics Acquired . | . . . . . Robots Built . | . . . . . Authchips . | . . . . . Time . | . . . . . Total Robot Build Rating . | . . . . . Part Schematics Acquired . | . . . . . Parts Built . | . . . . . Authchips . | . . . . . Time . | . . . . . Total Part Build Rating . | . . . . . Parts Repaired . | . . . . . Time . | . . . . . Parts Recycled . | . . . . . Recycled Matter . | . . . . . Retrieved Matter . | . . . . . Retrieved Components . | . . . . . Parts Scanalyzed . | . . . . . Part Schematics Acquired . | . . . . . Parts Damaged . | . . . . . Bothacking | -11 -10 -9 -8 -7 ------------ Run | Yrd Mat Mat Mat Fac Used RIF Installer . | . . . . . Robots Hacked . | . . . . . Non-combat . | . . . . . Combat . | . . . . . Robot Hacks Applied . | . . . . . Relay Couplers Released . | . . . . . Fabnet Peak Effective % . | . . . . . Robots Rewired . | . . . . . Allies Hacked . | . . . . . Hacks Repelled . | . . . . . Allies | -11 -10 -9 -8 -7 -------- Run | Yrd Mat Mat Mat Fac Total Allies . | . . . . . Largest Group . | . . . . . Highest-Rated Group . | . . . . . Highest-Rated Ally . | . . . . . Total Orders . | . . . . . Ally Attacks . | . . . . . Total Damage . | . . . . . Kills . | . . . . . Allies Corrupted . | . . . . . Allies Melted . | . . . . . Intel | -11 -10 -9 -8 -7 ------- Run | Yrd Mat Mat Mat Fac Active Infowar (turns) 942 | . . . 687 255 Traps 942 | . . . 687 255 Robot Analysis Total 4 | . 1 3 . . Derelict Logs Recovered . | . . . . . Drone Launches . | . . . . . Drone Recoveries . | . . . . . Exploration | -11 -10 -9 -8 -7 ------------- Run | Yrd Mat Mat Mat Fac Turns Passed 4398 | 43 835 1331 1026 1163 Spaces Moved 2389 | 39 453 764 485 648 Core 54 | 1 12 . . 41 Treads 724 | . . . 303 421 Legs 1072 | . 92 764 182 34 Wheels 387 | 38 349 . . . Hover 152 | . . . . 152 Flight . | . . . . . Fastest Speed 50 | 50 90 120 120 50 Average Speed 132 | 88 121 121 168 129 Slowest Speed 300 | 90 200 190 190 300 Overloaded Moves . | . . . . . Propulsion Burnouts . | . . . . . Robots Hopped . | . . . . . Potential Cave-ins . | . . . . . Cave-ins Triggered . | . . . . . Exploration Rate (%) 39 | 4 76 64 41 14 Regions Visited 4 Branch Regions . Pre-discovered Areas . | . . . . . Known Exits Taken . | . . . . . Unknown Exits Taken 4 | 1 1 1 1 . Scrap Searched . | . . . . . Spaces Dug 4 | . 4 . . . Terrain Destroyed 38 | . 10 6 4 18 Melee . | . . . . . Projectile 16 | . . 6 4 6 AOE 22 | . 10 . . 12 Terrain Rammed . | . . . . . Walls Destroyed . | . . . . . Machines Disabled . | . . . . . Actions | -11 -10 -9 -8 -7 --------- Run | Yrd Mat Mat Mat Fac Total 3165 | 44 640 1010 587 884 Wait 423 | . 123 121 28 151 Move 2385 | 38 452 763 484 648 Hop . | . . . . . Pick Up 11 | . 1 4 2 4 Fast Attach 33 | 6 6 8 7 6 Attach 5 | . 1 . 2 2 Detach 1 | . 1 . . . Swap 40 | . 4 15 12 9 Drop 20 | . 2 10 5 3 Fire 245 | . 50 89 47 59 Melee . | . . . . . Ram . | . . . . . Kick 2 | . . . . 2 Crush . | . . . . . Escape Stasis . | . . . . . Rewire . | . . . . . Trap . | . . . . . Miscellaneous . | . . . . . Route ------- -11/Scrapyard -10/Materials (discovered 3 exits: *Mat x3) -9/Materials (discovered 3 exits: *Mat x2 / [*Min]) -8/Materials (discovered 2 exits: *Fac / [*Sto]) -7/Factory History --------- Turn | Location | Event 11 | -11/Scrapyard | Discovered new exit (range 16) 44 | -11/Scrapyard | Entered Materials 200 | -10/Materials | Discovered new exit (range 16) 305 | -10/Materials | Build established: Mutant 454 | -10/Materials | Discovered new exit (range 16) 662 | -10/Materials | Core integrity fell below 50% 779 | -10/Materials | Discovered new exit (range 15) 819 | -10/Materials | Central database locked down 879 | -10/Materials | Entered another Materials area 879 | -9/Materials | Evolved 2 slots: Utility x2 1106 | -9/Materials | Discovered new exit (range 15) 1267 | -9/Materials | Discovered new exit (range 11) 2044 | -9/Materials | Central database locked down 2170 | -9/Materials | Discovered new exit (range 4) 2210 | -9/Materials | Entered another Materials area 2210 | -8/Materials | Evolved 2 slots: Utility x1, Weapon x1 2280 | -8/Materials | Discovered new exit (range 11) 2926 | -8/Materials | Build established: Tank 3030 | -8/Materials | Lost 4 parts (3u1w) 3140 | -8/Materials | Discovered new exit (range 15) 3236 | -8/Materials | Entered Factory 3236 | -7/Factory | Evolved 2 slots: Utility x2 3411 | -7/Factory | Build established: Scavenger-Gunner 3433 | -7/Factory | Garrison activated, responded to threat 4013 | -7/Factory | Cargo convoy interrupted 4121 | -7/Factory | Core integrity fell below 50% 4175 | -7/Factory | Lost 12 parts (1p2n6u3w) 4284 | -7/Factory | Core integrity fell below 20% 4341 | -7/Factory | Lost 3 parts (1n2w) 4399 | -7/Factory | Destroyed by S-27 Virus with Autogun Last Messages --------------- 04321_ G-47 Trooper destroyed. 04324_ Acquired 23 matter. 04326_ Acquired Aluminum Leg. 04327_ Acquired 10 matter. 04330_ Acquired Lgt. Nuclear Core. 04331_ Acquired 10 matter. 04337_ K-01 Serf collects debris. 04358_ ALERT: Suspicious intruders detected, dispatching Specialist reinforcements to area. 04360_ System corrupted: Matter fused (-8). 04373_ W-25 Informer sends out distress signal. 04379_ Slug penetrates Wall. 04387_ Penetrated by Slug. 04387_ Kicked A-02 Transporter. 04388_ Acquired 5 matter. 04392_ Kicked A-02 Transporter. 04395_ C-30 ARC bursts open, deploying its payload. 04395_ S-27 Virus unfolds itself. 04396_ Lgt. Nuclear Core destroyed. Map ----- +----------------------------------------------------+ | ????????????????????? ?????????????????????????? | | ??????????????????? ?????????????????????????? | | ??????????????????? ?????????????????????????? | | ???????????????? ?????????????????????????? | | ??????????????? " ?????????????????????????? | | ###########?? "%" ?????????????????????????? | | ## ?? ?????????????????????????? | | / ????? #????????????????????????? | | % %"#????????# #????????????????????????? | | [#?????????# #????????????????????????? | | #?????????# #????????????????????????? | | #?????????# #????????????????????????? | | ################????# #????#+####+#+#######????? | | #????# #????# ?????? | | #????# #????# ????? | | #????# ###### #???? | | ###### ""T"" #????# #???? | | ! #??# """"" ############ #???? | | #### ####??# ###### ##### | | " + #??# #????# # | | " ########## #??# ##### #????# #"" | | " ############+# #??# #???# #????# #"Y | | " ## # #??#H#???# #????# #"" | | " ## """"" # #??#%#???# #????# # | | " ## """""" # #### #####+###### # | | " ## """""" # @s% s a # # ! | | " ## """""" # s ## s % # ^ ^# | | " ##! # ## """ """ # # "" | | ## ! ### %## """ """ # # "" | | ################## ## """ """ / # """ | | ?????????# """ # ## # / """ | | ?????????# ""R" [# + ! # # """ | | ?????????# "" " # ## # # | | ?????????# + ########+### ##### | | ?????????# ####### #???# | | ?????????#########?#####+##+##### | | ???????????????????# # """" """ """ | | ???????????????????# # ""F" """ """ | | ???????????????????# """ """ #??"" """ """ | | ???????????????????# """ """ #?? | | ???????????????????# """ """ # """ """ """ """ | | ???????????????????# # """ """ """ """ | | ???????????????????# """ """ + """ """ """ """ | | ???????????????????# """ """ # ?? ??? | | ???????????????????# """ """ #???"????? ?"" """ | | ???????????????????# #????????????" """ | | ???????????????????# #????????????" """ | | ???????????????????# #????????? | | ???????????????????##############??????????""" """ | | ?????????????????????????????????????????????? """ | +----------------------------------------------------+ Best States ------------- Heat Dissipation 62 Energy Generation 16 Energy Capacity 290 Matter Stores 300 Matter Capacity 300 Sight Range 16 Terrain Scan Density 10 EM Shielding 2 Armor Coverage 150 Core Shielding 20 Propulsion Shielding 33 Utility Shielding 33 Weapon Cycling 15 Evasion (%) 55 Targeting Accuracy 10 Recoil Reduction 2 Kinecelleration 30 Item Schematics ----------------- None Robot Schematics ------------------ None Fabricated ------------ Nothing Repaired ---------- Nothing Alien Tech Used ----------------- None Achievements -------------- None Challenges ------------ None Game ------ Seed RecoilSapperSpear Manual? 0 Play Time 00:44:49 Cumulative 18.6 hours Start 2025.07.14 @ 11:39:17 End 2025.07.14 @ 12:36:24 Sessions 1 Manual Loads 0 Difficulty Rogue Special Mode None Game No. 36 Rogue 36 Adventurer 0 Explorer 0 Win Type - Total 0 Types 0/0/0/0/0/0/0/0/0/0 Lore% 10 Gallery% 19 Achievement% 19 Wizard Run 0 Options --------- Layout 2 ASCII 0 Keyboard 0 Movement Mouse Keybinds 1 Fullscreen 2 Font 32/Smallcaps Map View 50x44 Zoom Use 0% Tactical HUD 1 Map Filters NONE Filters NONE Steam 1 RUN: dbc21dad-6c91-4d23-8c19-c357a96c7ff1